 Dungeon Crawl Stone Soup version 0.19.1 (webtiles) character file.

3034 Ladykiller69 the Cleaver (level 10, -3/71 HPs)
             Began as a Formicid Fighter on Dec 17, 2016.
             Was a Follower of Cheibriados.
             Slain by Philosophy's ghost (12 damage)
             ... on level 9 of the Dungeon.
             The game lasted 00:17:03 (8901 turns).

Ladykiller69 the Cleaver (Formicid Fighter)         Turns: 8901, Time: 00:17:04

Health: -3/71      AC: 10    Str: 23    XL:     10   Next: 11%
Magic:  10/10      EV:  8    Int: 13    God:    Cheibriados [*.....]
Gold:   527        SH: 12    Dex: 12    Spells: 0 memorised, 9 levels left

rFire  . . .     SeeInvis +     a - +0 war axe
rCold  . . .     Gourm    .     W - +1 chain mail "Qaaxt" {rN+} (curse)
rNeg   + . .     Faith    .     c - +0 shield
rPois  .         Spirit   .     (helmet unavailable)
rElec  .         Reflect  .     (no cloak)
rCorr  .         Harm     .     (no gloves)
MR     +....                    (no boots)
Stlth  ..........               (no amulet)
                                (no ring)
                                (no ring)

@: very slow
A: permanent stasis, dig shafts and tunnels, four strong arms, antennae 3
a: Dig, Shaft Self, Bend Time, Renounce Religion


You were on level 9 of the Dungeon.
You worshipped Cheibriados.
Cheibriados was aware of your devotion.
You were not hungry.

You visited 2 branches of the dungeon, and saw 10 of its levels.

You collected 527 gold pieces.

Inventory:

Hand Weapons
 a - a +0 war axe (weapon)
 A - a cursed -1 shortbow
Missiles
 e - 211 stones (quivered)
 y - 2 throwing nets
 B - 54 bolts
 I - 6 tomahawks of returning
 J - 120 arrows
Armour
 c - a +0 shield (worn)
 W - the cursed +1 chain mail "Qaaxt" (worn) {rN+}
   (You found it on level 8 of the Dungeon)

   It protects you from negative energy.
   It has a curse placed upon it.
Jewellery
 b - an uncursed ring of ice {unknown}
 z - a +1 ring of slaying {unknown}
 C - an uncursed amulet of regeneration {unknown}
 L - a cursed ring of loudness {unknown}
 O - an uncursed amulet of rage {unknown}
 U - a +3 ring of strength {unknown}
 Y - an uncursed ring of resist corrosion {unknown}
 Z - a +2 ring of protection {unknown}
Wands
 N - a wand of polymorph (19/24)
 T - a wand of confusion (13/48)
Scrolls
 g - a scroll of noise {unknown}
 k - 2 scrolls of blinking {unknown}
 m - 8 scrolls of fear {unknown}
 o - 3 scrolls of fog {unknown}
 r - 3 scrolls of teleportation {unknown}
 s - 10 scrolls of identify
 w - 4 scrolls of enchant armour {unknown}
 x - 3 scrolls of remove curse {unknown}
 E - 2 scrolls of magic mapping {unknown}
 F - 2 scrolls of amnesia {unknown}
 G - a scroll of enchant weapon {unknown}
 M - 2 scrolls of recharging {unknown}
 Q - a scroll of random uselessness {unknown}
Potions
 d - a potion of might
 i - 2 potions of lignification {unknown}
 j - a potion of cancellation {unknown}
 l - a potion of brilliance {unknown}
 n - 2 potions of degeneration {unknown}
 p - a potion of beneficial mutation {unknown}
 q - 5 potions of curing
 t - a potion of resistance {unknown}
 u - a potion of agility {unknown}
 v - 3 potions of heal wounds {unknown}
 K - 2 potions of flight {unknown}
 S - a potion of haste {unknown}
Books
 V - the Reference Book on Feathers and Companions
   (You found it on level 7 of the Dungeon)

   Spells                             Type                      Level
   a - Shock                          Conjuration/Air              1
   b - Call Imp                       Summoning                    2
   c - Recall                         Summoning/Translocation      3
Comestibles
 f - 4 bread rations
 D - a meat ration
 H - 2 slices of pizza
 P - a royal jelly
 R - 6 fruits


   Skills:
 + Level 4.0 Fighting
 * Level 10.8 Axes
 + Level 4.1 Armour
 + Level 0.0 Dodging
 - Level 9.5 Shields


You had 9 spell levels left.
You didn't know any spells.

Dungeon Overview and Level Annotations

Branches:
Dungeon (9/15)             Temple (1/1) D:7
   Lair: D:8-11         Orc: D:9-12

Altars:
Ashenzari
Cheibriados
Dithmenos
Elyvilon
Fedhas
Gozag
Hepliaklqana
Kikubaaqudgha
Makhleb
Nemelex Xobeh
Okawaru
Qazlal
Ru
Sif Muna
Trog
Uskayaw
Vehumet
Xom
Yredelemnul
Zin
The Shining One

Shops:
D:4 ?   D:5 %(   D:7 :

Annotations:
D:9 Philosophy's ghost, novice FoFi


Innate Abilities, Weirdness & Mutations

You are under a permanent stasis effect.
You can dig through walls and to a lower floor.
Your four strong arms can wield two-handed weapons with a shield.
You have a pair of large antennae on your head. (SInv)


Message History

Philosophy's ghost is heavily damaged.
Philosophy's ghost hits you!
You slash Philosophy's ghost!
Philosophy's ghost is heavily damaged.
Philosophy's ghost hits you but does no damage.
You barely miss Philosophy's ghost.
Philosophy's ghost is heavily damaged.
Philosophy's ghost hits you.
You closely miss Philosophy's ghost.
Philosophy's ghost is heavily damaged.
Philosophy's ghost hits you but does no damage.
You barely miss Philosophy's ghost.
Philosophy's ghost is heavily damaged.
You block Philosophy's ghost's attack.
Your chain mail "Qaaxt" prevents you from hitting Philosophy's ghost.
Philosophy's ghost is heavily damaged.
Philosophy's ghost hits you!
* * * LOW HITPOINT WARNING * * *
Philosophy's ghost hits you!
You die...

#.#.#..####.#.### #....
#######.....>.........#
#.(..
.............##.###.#.#
#####
.........####.......#
######........#.#.#.#
#.#.###..#.#.# #.#..
#..#.# # #.###.#..#W#
.. .#..#@# #. #..### #.
#..{ ...# {


You could see Philosophy's ghost.

Vanquished Creatures
  The ghost of barowei the Markscentaur, a novice CeHu of Okawaru (D:7)
  A vampire (D:9)
  The ghost of KingBobo974 the Bolt Thrower, an amateur KoHu (D:3)
  3 sky beasts
  A phantom (D:7)
  3 ice beasts
  An ogre (D:8)
  2 centaurs
  2 bullfrogs
  A scorpion (D:7)
  3 howler monkeys
  2 crimson imps
  A bullfrog zombie (D:8)
  2 centaur skeletons
  2 hounds (D:7)
  4 orc priests
  4 orc wizards
  2 bullfrog skeletons
  2 iguanas
  8 worker ants
  A hound skeleton (D:6)
  A howler monkey zombie (D:5)
  4 gnolls (D:5)
  12 adders
  A shadow imp (D:7)
  3 worms
  2 dart slugs
  2 leopard geckos (D:1)
  23 orcs
  A ball python (D:1)
  4 bats
  2 giant cockroaches
  10 goblins
  9 hobgoblins
  11 jackals
  7 kobolds
  7 quokkas
  4 frilled lizards
  A giant cockroach zombie (D:5)
  A jackal zombie (D:6)
  A leopard gecko zombie (D:5)
  6 rats
159 creatures vanquished.

Notes
Turn   | Place    | Note
-------+----------+-------------------------------------------
     0 | D:1      | Ladykiller69 the Formicid Fighter began the quest for the Orb.
     0 | D:1      | Reached XP level 1. HP: 18/18 MP: 1/1
    30 | D:1      | Reached XP level 2. HP: 13/24 MP: 2/2
   328 | D:1      | Found a glowing golden altar of the Shining One.
   369 | D:1      | Reached XP level 3. HP: 29/29 MP: 3/3
   651 | D:2      | Reached skill level 3 in Axes
   668 | D:2      | Reached XP level 4. HP: 24/35 MP: 4/4
   941 | D:2      | Found a basalt altar of Yredelemnul.
  1074 | D:3      | Noticed KingBobo974's ghost (amateur KoHu)
  1592 | D:3      | Reached XP level 5. HP: 34/42 MP: 5/5
  2296 | D:4      | Found Tufibire's Magic Scroll Shop.
  2795 | D:5      | Entered Level 5 of the Dungeon
  2795 | D:5      | Found Vafaegan's Antique Weapon Emporium.
  2814 | D:5      | Reached skill level 4 in Axes
  2814 | D:5      | Reached XP level 6. HP: 45/48 MP: 6/6
  2825 | D:5      | Reached skill level 5 in Shields
  3078 | D:5      | Reached skill level 5 in Axes
  3278 | D:5      | Reached XP level 7. HP: 54/54 MP: 7/7
  3587 | D:5      | Found Rant's Food Shoppe.
  3606 | D:5      | Reached skill level 6 in Axes
  3789 | D:5      | Reached XP level 8. HP: 25/60 MP: 8/8
  4135 | D:5      | Reached skill level 7 in Axes
  5263 | D:7      | Found a staircase to the Ecumenical Temple.
  5269 | Temple   | Entered the Ecumenical Temple
  5520 | D:7      | Reached skill level 8 in Axes
  5658 | D:7      | Noticed barowei's ghost (novice CeHu)
  5896 | D:7      | Found Zogugh's Book Boutique.
  6233 | D:7      | Reached XP level 9. HP: 55/65 MP: 9/9
  6299 | D:7      | Killed barowei's ghost
  6299 | D:7      | Reached skill level 9 in Axes
  6582 | D:7      | Found a snail-covered altar of Cheibriados.
  6718 | D:7      | Found a shattered altar of Ashenzari.
  6719 | D:7      | Found a hazy altar of Hepliaklqana.
  6727 | D:7      | Became a worshipper of Cheibriados the Contemplative
  7134 | D:7      | Identified the Reference Book on Feathers and Companions
  7262 | D:8      | Reached skill level 10 in Axes
  7275 | D:8      | Got a smelly chain mail
  7300 | D:8      | Identified the cursed +1 chain mail "Qaaxt" {rN+} (You found it on level 8 of the Dungeon)
  7632 | D:8      | Reached * piety under Cheibriados
  8018 | D:8      | Found a stormy altar of Qazlal.
  8272 | D:9      | Noticed Philosophy's ghost (novice FoFi)
  8565 | D:9      | Reached XP level 10. HP: 66/71 MP: 10/10
  8772 | D:3      | Killed KingBobo974's ghost
  8901 | D:9      | Slain by Philosophy's ghost

Skill      XL: |  1  2  3  4  5  6  7  8  9 |
---------------+----------------------------+-----
Shields        | 4 5 6 7 9 |  9.5
Axes           | 3 4 5 6 8 10 | 10.8
Armour         | 4 |  4.1
Fighting       | 4 |  4.0

Action                   |  1- 3 |  4- 6 |  7- 9 | 10-12 || total
-------------------------+-------+-------+-------+-------++-------
Melee: War axe           |    82 |   233 |   460 |    57 ||   832
 Abil: Dig               |     1 |     4 |     4 |     1 ||    10
  Use: Scroll            |       |     1 |       |       ||     1
  Eat: Chunk             |       |     9 |    16 |     2 ||    27
Armor: Scale mail        |    11 |       |       |       ||    11
       Chain mail        |    42 |   111 |   163 |    12 ||   328
Dodge: Dodged            |    18 |    65 |    91 |    12 ||   186
Block: Shield            |    37 |   107 |   218 |    20 ||   382
